 Dungeon Crawl Stone Soup version 0.28-a0-751-gef3a642a4e (webtiles) character file.

Game seed: 12783737245616896006

2450 rogsnak the Magician (level 9, -2/62 HPs)
             Began as a Merfolk Air Elementalist on Oct 30, 2021.
             Killed from afar by a steam dragon (19 damage)
             ... with a ball of steam
             ... on level 7 of the Dungeon.
             The game lasted 00:22:22 (9084 turns).

rogsnak the Magician (Merfolk Air Elementalist)     Turns: 9084, Time: 00:22:23

Health: -2/62      AC:  2    Str: 14    XL:     9   Next: 50%
Magic:  3/18       EV: 17    Int: 23    God:
Gold:   396        SH:  0    Dex: 15    Spells: 16/21 levels left

rFire   . . .      SeeInvis .   p - +0 trident
rCold   . . .      Faith    .   (no shield)
rNeg    . . .      Spirit   .   a - +0 robe
rPois   .          Reflect  .   (no helmet)
rElec   .          Harm     .   k - scarf {shadows}
rCorr   .          Rampage  .   (no gloves)
Will    .....                   (boots currently unavailable)
Stlth   +++.......              (no amulet)
HPRegen 0.20/turn               i - +6 ring of intelligence
MPRegen 0.16/turn               y - +6 ring of strength

@: very quick
A: nimble swimmer 2, mertail
a: no special abilities


You were on level 7 of the Dungeon.
You visited 2 branches of the dungeon, and saw 8 of its levels.

You collected 396 gold pieces.

Inventory:

Hand Weapons
 c - a +0 flail
 p - a +0 trident (weapon)
 s - a +0 antimagic demon blade
 A - a +1 mace of draining
 D - a +2 flail of holy wrath
 H - a +2 dagger of electrocution
Missiles
 e - 298 stones
Armour
 a - a +0 robe (worn)
 k - a scarf of shadows (worn)
 E - a +0 pair of boots
 J - a +0 buckler
Jewellery
 i - a +6 ring of intelligence (left hand)
 o - a ring of protection from fire
 y - a +6 ring of strength (right hand)
 C - a ring of protection from cold
 I - a ring of resist corrosion
Wands
 B - a wand of polymorph (10)
 G - a wand of iceblast (14)
Scrolls
 b - 4 scrolls of teleportation {unknown}
 g - a scroll of blinking {unknown}
 m - 4 scrolls of identify {unknown}
 n - a scroll of immolation {unknown}
 q - 3 scrolls of noise {unknown}
 t - a scroll of fear {unknown}
 u - a scroll of magic mapping {unknown}
 x - a scroll of holy word {unknown}
 F - a scroll of vulnerability {unknown}
Potions
 d - a potion of invisibility {unknown}
 f - 2 potions of cancellation {unknown}
 h - a potion of magic {unknown}
 j - a potion of brilliance {unknown}
 l - 3 potions of attraction {unknown}
 r - 3 potions of might {unknown}
 v - a potion of heal wounds {unknown}
 w - 2 potions of curing {unknown}
 z - a potion of haste {unknown}


   Skills:
 + Level 2.5 Fighting
 + Level 3.7 Polearms
 + Level 4.3 Dodging
 - Level 2.1 Stealth
 + Level 6.6 Spellcasting
 * Level 5.8 Conjurations
 + Level 5.7 Air Magic


You had 16 spell levels left.
You knew the following spells:

 Your Spells              Type           Power      Damage    Failure   Level
a - Shock                 Conj/Air       100%       1d9       1%          1
b - Airstrike             Air            16%        N/A       8%          4

Your spell library contained the following spells:

 Spells                   Type           Power      Damage    Failure   Level
 Static Discharge         Conj/Air       34%        N/A       1%          2
 Swiftness                Air            33%        N/A       2%          3
 Animate Skeleton         Necr           14%        N/A       9%          1
 Apportation              Tloc           14%        N/A       9%          1
 Summon Small Mammal      Summ           28%        N/A       9%          1


Dungeon Overview and Level Annotations

Branches:
Dungeon (7/15)             Temple (1/1) D:4

Altars:
Cheibriados
Dithmenos
Elyvilon
Fedhas
Gozag
Hepliaklqana
Kikubaaqudgha
Makhleb
Nemelex Xobeh
Qazlal
Ru
Trog
Uskayaw
Vehumet
Wu Jian
Xom
Zin
Lugonu

Shops:
D:6 :

Annotations:
D:6 2 transporters


Innate Abilities, Weirdness & Mutations

You are quick and stealthy near water. (Stealth+, EV+, Speed+++)
Your lower body shifts to a powerful aquatic tail in water.


Message History

Press: ? - help, Dir - move target, f/p - water moccasin
Aim: a water moccasin (water, severely wounded, empty space bonus: 6/8)
The air twists around and strikes the water moccasin!
You kill the water moccasin!
You feel very sick.
Unknown command.
You start resting.
You feel very sick.
You feel sick. x5
Your magical contamination has completely faded away.
You start resting.
You feel sick. x2
You are no longer poisoned.
You start resting.
A steam dragon is nearby!
A steam dragon is nearby!
You start resting.
A steam dragon is nearby!
Casting: Airstrike (dangerous; 8% risk of failure)
Confirm with . or Enter, or press ? or * to list all spells.
Aiming: Shock (safe; 1% risk of failure)
Press: ? - help, Shift-Dir - straight line The zap hits the steam dragon!
The steam dragon is moderately wounded.
The steam dragon hisses angrily.
The zap hits the steam dragon.
The steam dragon is heavily wounded.
The steam dragon breathes steam at you. The ball of steam hits you!!
* * * LOW HITPOINT WARNING * * *
Unknown command.
Casting: Shock (safe; 1% risk of failure)
Confirm with . or Enter, or press ? or * to list all spells.
Aiming: Airstrike (dangerous; 8% risk of failure)
Press: ? - help, Dir - move target, f - steam dragon
Aim: a steam dragon (water, heavily wounded, empty space bonus: 6/8)
The air twists around and strikes the steam dragon!
The steam dragon is almost dead.
The steam dragon breathes steam at you. The ball of steam hits you!!
You die...

#<.......#.....##...........
#........#.....##.# #..Y....
#........#.....##.# ##'#..).
#......).......##.# #.#....
#..............##.# #.#.###
###...........)##.####.#.###
#.####.§§§§§≈≈≈≈.....#....
#.# #.≈#≈§§§≈#≈######....
#.# #.≈#@###≈#S# #.... #.#
#.≈#≈§§D≈#≈# #.... #.#
#.≈≈≈≈≈≈≈≈≈# #.... #.#
#.......##.# #.... #.#
#.......##.# #.... #.#
#####..###.######.... #.#
#..###...........
######'####
#.>.##.######....
..........# #.#.##.# #....


There were no monsters in sight!

Vanquished Creatures
  A water moccasin (D:7)
  3 orc warriors
  2 ice beasts
  A black bear (D:5)
  2 centaurs
  2 ogres
  2 phantoms
  A water moccasin zombie (D:5)
  A bullfrog (D:7)
  3 scorpions
  A water moccasin skeleton (D:5)
  5 centaur zombies
  2 bullfrog zombies
  2 orc priests (D:6)
  2 bullfrog skeletons
  4 hounds
  2 jellies
  2 iguanas (D:7)
  6 orc wizards
  A killer bee zombie (D:7)
  A hound skeleton (D:5)
  2 gnolls (D:4)
  9 adders
  2 shadow imps
  2 adder skeletons (D:4)
  3 worms (D:2)
  3 dart slugs (D:1)
  21 orcs
  12 ball pythons
  An endoplasm (D:3)
  5 giant cockroaches
  8 goblins
  5 hobgoblins
  7 kobolds
  3 quokkas
  6 bats
  5 frilled lizards
  5 rats
145 creatures vanquished.

Vanquished Creatures (others)
  An orc wizard (D:7)
1 creature vanquished.

Grand Total: 146 creatures vanquished

Notes
Turn   | Place    | Note
-------+----------+-------------------------------------------
     0 | D:1      | rogsnak the Merfolk Air Elementalist began the quest for
                  | the Orb.
     0 | D:1      | Reached XP level 1. HP: 13/13 MP: 3/3
   314 | D:1      | Reached skill level 1 in Conjurations
   314 | D:1      | Reached XP level 2. HP: 19/19 MP: 0/5
   856 | D:1      | Reached XP level 3. HP: 24/24 MP: 3/6
  1434 | D:2      | Noticed a great orb of eyes
  1435 | D:2      | Found a faded altar of an unknown god.
  1466 | D:2      | Noticed an eye of devastation
  1467 | D:2      | Noticed a floating eye
  1467 | D:2      | Noticed an eye of devastation
  1564 | D:2      | Reached XP level 4. HP: 21/30 MP: 0/8
  1679 | D:2      | Learned a level 4 spell: Airstrike
  2256 | D:3      | Noticed a black bear
  2676 | D:3      | Reached skill level 3 in Spellcasting
  3041 | D:4      | Found a staircase to the Ecumenical Temple.
  3046 | Temple   | Entered the Ecumenical Temple
  3117 | D:4      | Reached XP level 5. HP: 35/35 MP: 6/9
  3774 | D:4      | Noticed a phantom
  3801 | D:4      | Killed a phantom
  3802 | D:4      | Reached XP level 6. HP: 41/42 MP: 5/11
  3988 | D:4      | Found an ornate altar of the Wu Jian Council.
  4302 | D:4      | Reached skill level 4 in Spellcasting
  4457 | D:5      | Entered Level 5 of the Dungeon
  4457 | D:5      | Found a sacrificial altar of Ru.
  4471 | D:5      | Noticed a black bear
  4486 | D:5      | Killed a black bear
  4487 | D:5      | Reached skill level 1 in Fighting
  4487 | D:5      | Reached XP level 7. HP: 48/48 MP: 9/13
  5162 | D:5      | Reached XP level 8. HP: 53/54 MP: 10/15
  5240 | D:5      | Reached skill level 1 in Polearms
  5410 | D:5      | Reached skill level 5 in Spellcasting
  5455 | D:5      | Found a snail-covered altar of Cheibriados.
  5464 | D:5      | Found a white marble altar of Elyvilon.
  5897 | D:6      | Found a sparkling altar of Nemelex Xobeh.
  6139 | D:6      | Reached skill level 5 in Conjurations
  6568 | D:6      | Found a hazy altar of Hepliaklqana.
  6600 | D:6      | Found Taloxunt's Book Boutique.
  7113 | D:6      | Reached XP level 9. HP: 19/61 MP: 3/17
  7115 | D:6      | HP: 1/61 [orc wizard/magic dart (8)]
  7527 | D:6      | Found an ancient bone altar of Kikubaaqudgha.
  7527 | D:6      | Found a hide-covered altar of Uskayaw.
  7527 | D:6      | Found an opulent altar of Gozag.
  7539 | D:6      | Found a transporter.
  7547 | D:6      | Found a transporter.
  7591 | D:6      | Reached skill level 6 in Spellcasting
  7591 | D:6      | Reached skill level 5 in Air Magic
  7874 | D:7      | Found a blossoming altar of Fedhas.
  9084 | D:7      | Killed from afar by a steam dragon

Illustrated notes

Levels and vault maps discovered:
D:1:      lightli_arrival_noodles, layout_rooms
D:2:      layout_rooms, hellmonk_ecumenical_altar_watching_god, minivault_23
D:3:      layout_rooms
D:4:      layout_basic, nicolae_wu_jian_immortal_techniques, temple_doors_e,
          minmay_diced_spiral
D:5:      layout_basic, overflow_temple_1_default,
          mainiacjoe_overflow_catch_the_wave
D:6:      layout_cave_pools, mainiacjoe_overflow_brackets,
          mainiacjoe_overflow_paths, gammafunk_temple_overflow_arena,
          serial_shops, nicolae_diamond_shop, glass_columns_a
D:7:      layout_basic, fedhas_altar_2, minmay_crystal_water
Temple:   corrupted_temple

Skill      XL: |  1  2  3  4  5  6  7  8  9 |
---------------+----------------------------+-----
Conjurations   | 1 2 3 4 5 |  5.8
Spellcasting   | 3 4 5 6 |  6.6
Air Magic      | 3 4 5 |  5.7
Dodging        | 3 4 |  4.3
Fighting       | 1 2 |  2.5
Polearms       | 3 |  3.7
Stealth        | |  2.1

Action                   |  1- 3 |  4- 6 |  7- 9 || total
-------------------------+-------+-------+-------++-------
Melee: Flail             |    12 |       |       ||    12
       Trident           |       |    14 |    73 ||    87
       Tailslap          |       |       |     2 ||     2
 Cast: Shock             |    83 |   111 |   179 ||   373
       Airstrike         |       |     1 |    31 ||    32
 Stab: Sleeping          |       |       |     2 ||     2
Armor: Robe              |     8 |     4 |    17 ||    29
Dodge: Dodged            |    22 |    37 |   101 ||   160

Table legend: (Time is in decaauts)
 A = Elapsed time spent in this place.
 B = Non-inter-level travel time spent in this place.
 C = Inter-level travel time spent in this place.
 D = Time resting spent in this place.
 E = Time spent auto-exploring this place.
 F = Levels seen in this place.
 G = Mean time per level.
                   A        B        C        D        E       F      G
               +--------+--------+--------+--------+--------+-----+--------+
         Total |   9067 |   8900 |    167 |   3758 |   3445 |   8 | 1133.4 |
       Dungeon |   9030 |   8863 |    167 |   3758 |   3445 |   7 | 1290.0 |
        Temple |     36 |     36 |      0 |      0 |      0 |   1 |   36.0 |
               +--------+--------+--------+--------+--------+-----+--------+

Top non-repeatable levels by time:
     D:6: 1857 daAuts
     D:5: 1548 daAuts
     D:4: 1376 daAuts
     D:7: 1195 daAuts
     D:2: 1090 daAuts
     D:1: 1003 daAuts
     D:3: 958 daAuts
  Temple: 36 daAuts
